 Dungeon Crawl Stone Soup version 0.25.1-8-g42b30a86e7 (webtiles) character file.

Game seed: 8430857728376577049

2848 pokeman the Thaumaturge (level 9, -12/49 HPs)
             Began as a Deep Elf Wizard on Dec 9, 2020.
             Was a Believer of Vehumet.
             Shot with an arrow by a centaur (14 damage)
             ... on level 7 of the Dungeon.
             The game lasted 00:23:57 (9116 turns).

pokeman the Thaumaturge (Deep Elf Wizard)           Turns: 9116, Time: 00:23:57

Health: -12/49     AC:  5    Str:  3    XL:     9   Next: 46%
Magic:  5/26       EV: 12    Int: 26    God:    Vehumet [**....]
Gold:   411        SH:  0    Dex: 14    Spells: 19/30 levels left

rFire    + . .     SeeInvis .   H - +0 spear (venom)
rCold    x . .     Gourm    .   (no shield)
rNeg     + . .     Faith    +   y - +0 leather armour {MR+}
rPois    +         Spirit   .   j - +0 helmet
rElec    .         Reflect  .   J - +2 ratskin cloak {+Rats rPois rN+ Str-1 Int-1 Dex+1}
rCorr    .         Harm     .   c - +1 pair of gloves
MR       +....                  (no boots)
Stlth    ++........             g - amulet of faith
HPRegen  0.16/turn              h - ring of fire
MPRegen  0.20/turn              C - -4 ring of protection (curse)

@: no status effects
A: no striking features
a: Renounce Religion, Evoke Ratskin


You were on level 7 of the Dungeon.
You worshipped Vehumet.
Vehumet was pleased with you.
You were not hungry.

You visited 2 branches of the dungeon, and saw 8 of its levels.

You collected 411 gold pieces.

Inventory:

Hand Weapons
 p - a +0 shortbow of freezing
 A - the +0 spear of the Harvest {vamp, MR- Dex+4}
   (You found it on level 4 of the Dungeon)

   It inflicts no extra harm, but heals its wielder when it wounds a living foe.
   It affects your dexterity (+4).
   It affects your resistance to hostile enchantments.
 H - a +0 spear of venom (weapon)
Missiles
 r - 30 bolts
 I - 30 arrows
Armour
 c - a +1 pair of gloves (worn)
 j - a +0 helmet (worn)
 y - a +0 leather armour of magic resistance (worn)
 J - the +2 ratskin cloak (worn) {+Rats rPois rN+ Str-1 Int-1 Dex+1}
   (You found it on level 6 of the Dungeon)

   It affects your strength (-1).
   It affects your intelligence (-1).
   It affects your dexterity (+1).
   It protects you from poison.
   It protects you from negative energy.
Jewellery
 g - an amulet of faith (around neck)
 h - a ring of fire (left hand)
 z - an uncursed ring of flight
 C - a cursed -4 ring of protection (right hand)
Wands
 m - a wand of iceblast (9)
 G - a wand of acid (5)
Scrolls
 l - 5 scrolls of identify {unknown}
 o - a scroll of enchant weapon {unknown}
 q - a scroll of amnesia {unknown}
 s - a scroll of magic mapping {unknown}
 u - 3 scrolls of remove curse {unknown}
 B - 3 scrolls of teleportation {unknown}
 D - a scroll of immolation {unknown}
 E - a scroll of acquirement {unknown}
 F - a scroll of fear {unknown}
 K - a scroll of noise {unknown}
Potions
 a - 3 potions of curing
 b - 3 potions of haste {unknown}
 e - 2 potions of invisibility
 f - 2 potions of magic {unknown}
 i - 2 potions of heal wounds {unknown}
 k - a potion of berserk rage {unknown}
 n - a potion of brilliance {unknown}
 t - 2 potions of degeneration {unknown}
 v - a potion of lignification {unknown}
 w - a potion of flight {unknown}
 x - a potion of cancellation {unknown}
Comestibles
 d - 10 rations


   Skills:
 + Level 2.3 Fighting
 - Level 3.0 Armour
 - Level 4.0 Dodging
 - Level 4.0 Stealth
 * Level 11.1 Spellcasting
 + Level 6.1 Conjurations
 - Level 1.1 Summonings
 - Level 1.1 Translocations
 + Level 5.0 Fire Magic
 - Level 1.1 Air Magic
 - Level 1.0 Poison Magic
 + Level 3.2 Evocations


You had 19 spell levels left.
You knew the following spells:

 Your Spells              Type           Power        Failure   Level  Hunger
a - Magic Dart            Conj           ####         1%          1    None
b - Mephitic Cloud        Conj/Pois/Air  ####....     8%          3    None
c - Call Imp              Summ           ###.....     8%          2    None
d - Blink                 Tloc           N/A          8%          2    None
e - Conjure Flame         Conj/Fire      ######..     2%          3    None

Your spell library contained the following spells:

 Spells                   Type           Power        Failure   Level  Hunger
 Sandblast                Erth           ##....       8%          1    None
 Beastly Appendage        Tmut           ##....       8%          1    None
 Slow                     Hex            ##......     12%         2    None
 Sticks to Snakes         Tmut           ##......     12%         2    None
 Spider Form              Tmut/Pois      ###.......   19%         3    None
 Ice Form                 Ice/Tmut       ##......     58%         4    None
 Blade Hands              Tmut           ##........   91%         5    ###....


Dungeon Overview and Level Annotations

Branches:
Dungeon (7/15)             Temple (1/1) D:6

Altars:
Ashenzari
Cheibriados
Dithmenos
Elyvilon
Fedhas
Gozag
Makhleb
Nemelex Xobeh
Okawaru
Ru
Trog
Uskayaw
Vehumet
Wu Jian
Zin
The Shining One

Shops:
D:6 %


Message History

Unknown command.
The adder is engulfed in noxious fumes.
The adder appears confused.
The kobold barely misses you.
The centaur shoots an arrow.
The arrow hits you!
* * * LOW HITPOINT WARNING * * *
The adder is engulfed in noxious fumes.
The adder appears confused.
The adder completely misses you.
The centaur laughs at nothing.
You see here an arrow.
Unknown command.
You kill the big kobold!
Vehumet accepts your kill.
You feel your power returning. The kobold closely misses you.
The adder is engulfed in noxious fumes.
The kobold throws a stone.
The stone closely misses you.
Unknown command.
The centaur is engulfed in noxious fumes.
The kobold hits you but does no damage.
The kobold throws a stone.
The stone hits you but does no damage.
The centaur shoots an arrow.
The arrow hits you!
You die...

.......<.......#....
#...................
#..................#
##.................#.
#..###............... .#
#.....#.#..).....
.##.##....##.#.......
...#.K#.(...S.c.#.. .. #
#........c(@..## ....
#.#......°☼☼K..## ..
.........####).#### .##
..........#
#K.#..##†.###
#......#####..°....)....
#..?..K.# #K..(.....##
.........###.((......#
.........h.#.)#.....###
.......†.K.)†##.......#


You could see 2 centaurs, an adder (confused) and 4 kobolds.

Vanquished Creatures
  Prince Ribbit (D:6)
  Sigmund (D:2)
  Menkaure (D:7)
  An ice beast (D:3)
  3 sky beasts
  An orc warrior (D:6)
  A phantom (D:6)
  6 ogres
  A centaur (D:6)
  A big kobold (D:7)
  A bullfrog (D:6)
  A gnoll sergeant (D:6)
  4 scorpions
  A water moccasin skeleton (D:6)
  3 howler monkeys (D:7)
  2 crimson imps (D:5)
  2 orc wizards
  Crazy Yiuf (D:2)
  4 orc priests
  A gnoll shaman (D:4)
  An iguana (D:6)
  A hell rat (D:6)
  A worker ant (D:6)
  7 adders
  10 gnolls
  6 river rats (D:6)
  A shadow imp (D:5)
  2 oozes (D:3)
  2 adder zombies
  2 adder skeletons
  4 worms
  3 dart slugs
  5 leopard geckos
  19 orcs
  4 ball pythons
  7 giant cockroaches
  7 goblins
  7 hobgoblins
  8 jackals
  10 kobolds
  4 quokkas
  11 bats
  6 frilled lizards
  A leopard gecko zombie (D:6)
  19 rats
  2 plants (D:6)
187 creatures vanquished.

Vanquished Creatures (collateral kills)
  An oklob plant (D:6)
  A plant (D:6)
2 creatures vanquished.

Grand Total: 189 creatures vanquished

Notes
Turn   | Place    | Note
-------+----------+-------------------------------------------
     0 | D:1      | pokeman the Deep Elf Wizard began the quest for the Orb.
     0 | D:1      | Reached XP level 1. HP: 10/10 MP: 7/7
   276 | D:1      | Reached XP level 2. HP: 15/15 MP: 7/9
   973 | D:2      | Found an iron altar of Okawaru.
   987 | D:2      | Reached skill level 5 in Spellcasting
  1056 | D:2      | Found a runed translucent door.
  1057 | D:2      | Noticed Crazy Yiuf
  1272 | D:2      | Reached XP level 3. HP: 20/20 MP: 4/11
  1277 | D:2      | Learned a level 3 spell: Mephitic Cloud
  1280 | D:2      | Learned a level 2 spell: Call Imp
  1283 | D:2      | Learned a level 2 spell: Blink
  1287 | D:2      | Learned a level 3 spell: Conjure Flame
  1376 | D:2      | Reached skill level 1 in Fighting
  1446 | D:2      | Reached skill level 1 in Armour
  1577 | D:2      | Noticed Sigmund
  1609 | D:2      | Killed Sigmund
  1609 | D:2      | Reached skill level 6 in Spellcasting
  1609 | D:2      | Reached XP level 4. HP: 10/25 MP: 7/14
  1609 | D:2      | Reached XP level 5. HP: 12/29 MP: 7/15
  1904 | D:2      | Found a faded altar of an unknown god.
  2082 | D:2      | Found a shattered altar of Ashenzari.
  2256 | D:2      | Killed Crazy Yiuf
  2386 | D:3      | Noticed an ice beast
  2395 | D:3      | Killed an ice beast
  2395 | D:3      | Reached skill level 1 in Fire Magic
  2395 | D:3      | Reached skill level 1 in Air Magic
  2395 | D:3      | Reached XP level 6. HP: 14/34 MP: 13/17
  2759 | D:3      | Reached skill level 7 in Spellcasting
  4177 | D:4      | Reached skill level 1 in Poison Magic
  4364 | D:4      | Reached XP level 7. HP: 17/38 MP: 1/20
  4704 | D:4      | Got a faintly glowing spear
  4706 | D:4      | Found a white marble altar of Elyvilon.
  4707 | D:4      | Found a glowing silver altar of Zin.
  4717 | D:4      | Found a glowing golden altar of the Shining One.
  4741 | D:4      | Identified the +0 spear of the Harvest {vamp, MR- Dex+4}
                  | (You found it on level 4 of the Dungeon)
  5330 | D:5      | Entered Level 5 of the Dungeon
  5391 | D:5      | Reached skill level 8 in Spellcasting
  5441 | D:5      | Reached XP level 8. HP: 25/44 MP: 0/22
  5831 | D:5      | Reached skill level 9 in Spellcasting
  5845 | D:5      | Found a blossoming altar of Fedhas.
  6583 | D:6      | Noticed Prince Ribbit
  6599 | D:6      | Killed Prince Ribbit
  6599 | D:6      | Reached skill level 5 in Conjurations
  6599 | D:6      | Reached skill level 1 in Evocations
  6822 | D:6      | Found a staircase to the Ecumenical Temple.
  6835 | Temple   | Entered the Ecumenical Temple
  6969 | Temple   | Became a worshipper of Vehumet
  6998 | D:6      | Found Pib Puaq's Food Emporium.
  7314 | D:6      | Found the +2 ratskin cloak {+Rats rPois rN+ Str-1 Int-1
                  | Dex+1}
  7394 | D:6      | Reached * piety under Vehumet
  7394 | D:6      | Offered knowledge of Sandblast by Vehumet.
  7394 | D:6      | Reached skill level 10 in Spellcasting
  7473 | D:6      | Reached XP level 9. HP: 36/48 MP: 17/25
  7671 | D:6      | Found a blossoming altar of Fedhas.
  7688 | D:6      | Noticed an oklob plant
  7759 | D:6      | Killed an oklob plant
  7882 | D:6      | HP: 1/48 [centaur/arrow (7)]
  9024 | D:7      | Noticed Menkaure
  9041 | D:7      | Killed Menkaure
  9041 | D:7      | Reached skill level 11 in Spellcasting
  9107 | D:7      | Reached skill level 5 in Fire Magic
  9108 | D:7      | HP: 2/48 [centaur/arrow (4)]
  9114 | D:7      | HP: 2/48 [centaur/arrow (7)]
  9115 | D:7      | Reached ** piety under Vehumet
  9116 | D:7      | Shot with an arrow by a centaur

Illustrated notes

Levels and vault maps discovered:
D:1:      minmay_arrival_semitransparent, layout_loops_cross, st_stairs_6,
          minmay_misc_feat_rows
D:2:      layout_rooms, okawaru_metal_pillars_3, nicolae_overflow_hidden_temple,
          chequers_ecumenical_altar_twisty, kennysheep_big_empty_room,
          uniq_crazy_yiuf_cottage, uniq_sigmund
D:3:      minmay_inner_zag, layout_basic
D:4:      layout_rooms, good_gods_temple_1, first_ration, nrook_campfire
D:5:      layout_loops_ring, kennysheep_mini_moat
D:6:      wander_guarded_unrand_ratskin, layout_cave_pools,
          minmay_temple_entry_arrows, serial_shops, shop_fountains, tgw_fedhas,
          uniq_prince_ribbit1
D:7:      layout_cave_pools, grunt_qazlal_clouds, uniq_menkaure
Temple:   hc_temple_tempest_star

Skill      XL: |  1  2  3  4  5  6  7  8  9 |
---------------+----------------------------+-----
Spellcasting   | 5 6 7 8 10 11 | 11.1
Fighting       | 1 2 |  2.3
Armour         | 1 2 3 |  3.0
Conjurations   | 2 3 4 5 6 |  6.1
Dodging        | 3 4 |  4.0
Stealth        | 3 4 |  4.0
Fire Magic     | 1 2 4 5 |  5.0
Air Magic      | 1 |  1.1
Poison Magic   | 1 |  1.0
Evocations     | 2 3 |  3.2
Summonings     | |  1.1
Translocations | |  1.1

Action                   |  1- 3 |  4- 6 |  7- 9 || total
-------------------------+-------+-------+-------++-------
Melee: Scythe            |       |     7 |       ||     7
       Flail             |       |    22 |    76 ||    98
       Spear             |       |       |   124 ||   124
 Cast: Magic Dart        |    91 |   102 |   170 ||   363
       Mephitic Cloud    |     1 |     8 |    36 ||    45
       Conjure Flame     |     1 |     2 |     7 ||    10
       Call Imp          |       |       |     1 ||     1
 Abil: Evoke Ratskin     |       |       |     3 ||     3
  Use: Potion            |       |       |     1 ||     1
 Stab: Confused          |       |     6 |    10 ||    16
       Sleeping          |       |     1 |       ||     1
  Eat: Chunk             |     2 |     8 |    16 ||    26
Armor: Leather armour    |     3 |    11 |    33 ||    47
       Robe              |     1 |       |       ||     1
Dodge: Dodged            |    10 |    23 |    97 ||   130
